[Event "Early-Titled-Tuesday-Blitz-July-09-2024"]
[Site "Chess.com"]
[Date "2024.07.09"]
[Round "1"]
[White "boguszp"]
[Black "Naruto75_3"]
[Result "0-1"]
[WhiteElo "1954"]
[BlackElo "2547"]
[TimeControl "180+1"]
[EndTime "8:06:40 PDT"]
[Termination "Naruto75_3 won by checkmate"]

1. d4 d5 2. Nf3 Nf6 3. c4 c6 4. Nc3 e6 5. Bg5 dxc4 6. e3 b5 7. a4 Bb4 8. Be2 O-O 9. O-O Bxc3 10. bxc3 h6 11. Bh4 Nbd7 12. Ne5 Nxe5 13. dxe5 Qxd1 14. Rfxd1 Nd5 15. Bf3 Bb7 16. Bxd5 cxd5 17. axb5 g5 18. Bg3 Rfb8 19. Ra5 a6 20. bxa6 Rxa6 21.
Rda1 Rxa5 22. Rxa5 Bc6 23. h4 Rb3 24. hxg5 hxg5 25.
Rc5 Ba4 26. e4 Rxc3 27. exd5 exd5 28. Rxd5 Rd3 29. Rc5 c3 30. Kf1 c2 31. Ke2 Rd1 32.
Rxc2 Bxc2 33. f4 gxf4 34. Bxf4 Rd4 35. g3 Bf5 36. Ke3 Rd3+ 37. Ke2 Rb3 38. Kf2 Kg7 39. Kg2 Kg6 40. Kf2 Kh5 41. Kg2 Kg4 42. Kf2 Be4 43. Ke2 Bd5 44. Kf2 Bc4 45. Kg2 Rb2+ 46. Kg1 Kf3 47.
Kh1 Bd5 48. Kg1 Rb8 49. Kh2 Rh8+ 50. Kg1 Ke2 51. e6 Rh1# 0-1

[Event "Early-Titled-Tuesday-Blitz-July-09-2024"]
[Site "Chess.com"]
[Date "2024.07.09"]
[Round "1"]
[White "ArchibaldCerveza29"]
[Black "Ykow"]
[Result "1-0"]
[WhiteElo "2436"]
[BlackElo "2741"]
[TimeControl "180+1"]
[EndTime "8:06:41 PDT"]
[Termination "ArchibaldCerveza29 won by resignation"]

1. e4 e5 2. Nf3 Nc6 3. d4 exd4 4. Bc4 Nf6 5. O-O Nxe4 6. Nc3 Nxc3 7. bxc3 d5 8. Bb5 Be7 9. cxd4 O-O 10. Re1 Bg4 11. c3 Bd6 12. h3 Bh5 13. Rb1 Na5 14. Bd3 c6 15. a4 a6 16. Be2 Bg6 17. Bd3 Bxd3 18.
Qxd3 b5 19. Ne5 Bxe5 20. dxe5 Nc4 21. f4 Re8 22. Qg3 Qd7 23. Qg5 f6 24. Qh5 bxa4 25.
Re2 g6 26. Qh4 Qf5 27. Rb7 h5 28. g4 Qc8 29. Rb1 fxe5 30. gxh5 Qf5 31. Rg2 Re6 32. Rb7 Nd6 33. hxg6 Nxb7 34. Qh7+ Kf8 35. g7+ Ke7 36. Qxf5 Rg8 37. fxe5 Nd8 38. Bg5+ Kd7 39. Bxd8 1-0

[Event "Early-Titled-Tuesday-Blitz-July-09-2024"]
[Site "Chess.com"]
[Date "2024.07.09"]
[Round "1"]
[White "Feegus"]
[Black "ilovejokes555"]
[Result "1-0"]
[WhiteElo "2626"]
[BlackElo "2307"]
[TimeControl "180+1"]
[EndTime "8:06:41 PDT"]
[Termination "Feegus won by checkmate"]

1. d4 Nf6 2. c4 g6 3. Nf3 Bg7 4. g3 d6 5. Bg2 O-O 6. O-O Nc6 7. Nc3 a6 8. Bf4 Rb8 9. c5 Re8 10. d5 Na5 11. Qa4 b6 12. cxb6 cxb6 13. Nd4 b5 14. Qd1 Bd7 15. Nc6 Bxc6 16. dxc6 Rc8 17. Rc1 Qb6 18. Be3 Qb8 19. Nd5 Nxd5 20. Qxd5 Bxb2 21. Rb1 Bf6 22. a4 Nxc6 23. axb5 axb5 24. Rxb5 Qa8 25.
Rb6 Ne5 26. Qxa8 Rxa8 27. Bxa8 Rxa8 28. Rc1 Kg7 29. Rb7 h5 30. h4 Ng4 31. Bg5 Ra2 32.
Bxf6+ Kxf6 33. Kf1 Nh2+ 34. Ke1 Ng4 35. f3 Ne3 36. Rcc7 Nf5 37. Kf2 Ra4 38. e4 Nd4 39. Rxe7 Ra2+ 40. Ke3 Nc2+ 41. Kd3 Ne1+ 42. Ke3 Nc2+ 43.
Kf4 Nd4 44. Rxf7+ Ke6 45. Rbe7# 1-0

[Event "Early-Titled-Tuesday-Blitz-July-09-2024"]
[Site "Chess.com"]
[Date "2024.07.09"]
[Round "1"]
[White "MFatigue"]
[Black "BlueWizzard"]
[Result "0-1"]
[WhiteElo "2513"]
[BlackElo "2951"]
[TimeControl "180+1"]
[EndTime "8:06:42 PDT"]
[Termination "BlueWizzard won by resignation"]

1. e4 b6 2. Nc3 c5 3. g3 Bb7 4. Bg2 f5 5. d3 Nf6 6. Bg5 fxe4 7.
dxe4 g6 8. Nd5 Bg7 9. e5 Nxd5 10. Bxd5 Nc6 11. Nf3 Qc7 12. Bf4 e6 13. Be4 Nxe5 14. Qe2 Bxe4 15. Qxe4 Qc6 16. Qxc6 Nxc6 17. O-O-O O-O-O 18. Bd6 h6 19. h4 Bf8 20. Bf4 Rh7 21. Rhe1 Rf7 22. c3 Be7 23. Ne5 Nxe5 24. Rxe5 Bxh4 25. Bxh6 Bf6 26. Re2 g5 27. f4 Rg8 28. Rf1 Bd8 29. Ref2 gxf4 30. Bxf4 Bc7 31. Bxc7 Rxf2 32. Rxf2 Kxc7 33.
Rg2 d5 34. Kd2 Kd6 35. Kd3 e5 36. g4 e4+ 37. Ke3 Ke5 38. g5 Rg6 0-1

[Event "Early-Titled-Tuesday-Blitz-July-09-2024"]
[Site "Chess.com"]
[Date "2024.07.09"]
[Round "1"]
[White "FXDon77"]
[Black "colegiodemadrid"]
[Result "1-0"]
[WhiteElo "2856"]
[BlackElo "2469"]
[TimeControl "180+1"]
[EndTime "8:06:42 PDT"]
[Termination "FXDon77 won by resignation"]

1. e4 c5 2. Nf3 e6 3. d4 cxd4 4. Nxd4 Nc6 5. Nc3 Qc7 6. g3 a6 7. Bg2 Nf6 8. O-O Nxd4 9. Qxd4 Bc5 10. Bf4 d6 11. Qd2 h6 12. Rad1 e5 13. Be3 Bxe3 14.
fxe3 Be6 15. Qxd6 Qxd6 16. Rxd6 Rc8 17. Rb6 Rc7 18. Rd1 Nd7 19. Rb4 a5 20. Rb5 Rxc3 21. bxc3 b6 22. a3 Ke7 23. Rxd7+ Kxd7 24. Rxb6 Rc8 25.
Rb5 Rxc3 26. Rxa5 Rxc2 27. Rxe5 Kd6 28. Rb5 Rc5 29. e5+ Rxe5 30. Rxe5 Kxe5 31. Kf2 Kd6 32. e4 Kc5 33. Ke3 Kc4 34. e5 Kb3 35. Kd4 Kxa3 36.
Kc5 Kb3 37. Bd5+ Bxd5 38. Kxd5 Kc3 39. e6 fxe6+ 40. Kxe6 Kd3 41. Kf7 g5 42. Kg6 Ke4 43. Kxh6 Kf5 44. Kh5 Kf6 45. g4 1-0

[Event "Early-Titled-Tuesday-Blitz-July-09-2024"]
[Site "Chess.com"]
[Date "2024.07.09"]
[Round "1"]
[White "sathvikadiga"]
[Black "Bulatova_Kamaliya"]
[Result "1-0"]
[WhiteElo "2677"]
[BlackElo "2358"]
[TimeControl "180+1"]
[EndTime "8:06:42 PDT"]
[Termination "sathvikadiga won by checkmate"]

1. e4 Nf6 2. e5 Nd5 3. d4 d6 4.
Nf3 Nd7 5. exd6 cxd6 6. c4 N5f6 7. Nc3 g6 8. Be2 Bg7 9. O-O O-O 10. Bf4 Nb6 11. Qd2 Be6 12. b3 d5 13. c5 Nbd7 14. Bh6 Bf5 15. Rad1 Ne4 16. Nxe4 Bxe4 17. Bxg7 Kxg7 18.
Ng5 Nf6 19. Qf4 h6 20. Nxe4 Nxe4 21. Bd3 Nf6 22. b4 Qd7 23. Rfe1 e6 24. Qe5 Qa4 25. g4 g5 26. h4 Rg8 27. hxg5 hxg5 28. Qxg5+ Kf8 29.
Qxf6 Rxg4+ 30. Kf1 Qxb4 31. Rxe6 Qxd4 32. Qe7+ Kg7 33.
Be2 Rh8 34. Bxg4 Qxg4 35. Qf6+ Kh7 36. Qh6+ Kg8 37. Re8# 1-0

[Event "Early-Titled-Tuesday-Blitz-July-09-2024"]
[Site "Chess.com"]
[Date "2024.07.09"]
[Round "1"]
[White "PedroGil25"]
[Black "KnightmareJoker"]
[Result "1-0"]
[WhiteElo "2636"]
[BlackElo "2315"]
[TimeControl "180+1"]
[EndTime "8:06:43 PDT"]
[Termination "PedroGil25 won by checkmate"]

1. e4 e5 2. Nf3 Nf6 3. Nc3 Nc6 4. Bb5 Bb4 5. d3 d6 6. O-O O-O 7. Ne2 a6 8. Ba4 Bg4 9. Bxc6 bxc6 10. Ng3 Bc5 11.
h3 Be6 12. Bg5 h6 13. Bh4 d5 14. Nh5 Be7 15. Nxe5 g5 16. Nxc6 Qe8 17. Nxe7+ Qxe7 18. Nxf6+ Qxf6 19. Bg3 dxe4 20. dxe4 Qxb2 21. Qh5 Qg7 22.
a3 f6 23. Rab1 Bf7 24. Qf3 Bg6 25. Rb7 Rac8 26. Re1 Qe7 27. Qc3 Rfe8 28. e5 Bf7 29. f4 Bd5 30. Rb4 f5 31. Bf2 c6 32. Reb1 Rc7 33.
Bc5 Qf7 34. Bd6 Rd7 35. Rb8 Rdd8 36. Rxd8 Rxd8 37. fxg5 hxg5 38. Qg3 Qg6 39. Rb7 f4 40. Qg4 Be6 41. Qf3 Qxc2 42. Qh5 f3 43. Qxg5+ Kh8 44. Qg7# 1-0

[Event "Early-Titled-Tuesday-Blitz-July-09-2024"]
[Site "Chess.com"]
[Date "2024.07.09"]
[Round "1"]
[White "Klendi"]
[Black "ArmanGhevondyanchess"]
[Result "0-1"]
[WhiteElo "2418"]
[BlackElo "2752"]
[TimeControl "180+1"]
[EndTime "8:06:44 PDT"]
[Termination "ArmanGhevondyanchess won by resignation"]

1. e4 c5 2. c3 d5 3. exd5 Qxd5 4.
Nf3 Nc6 5. d4 e6 6. Na3 Nf6 7.
Bc4 Qe4+ 8. Be2 Be7 9. O-O O-O 10. Nc4 cxd4 11. cxd4 Rd8 12. Be3 Bd7 13. Nce5 Rac8 14. Qb3 Nxe5 15. Nxe5 Qc2 16. Bf3 b6 17. Nxd7 Nxd7 18.
Rfc1 Qxb3 19. axb3 a5 20. Bf4 f6 21. Bb7 Rxc1+ 22.
Rxc1 e5 23. dxe5 Nc5 24. Bc6 Nd3 25. Bf3 Nxf4 26. e6 Bc5 27. Re1 Kf8 28. g3 Nd3 29.
Rd1 Ke7 30. Kg2 Nxf2 0-1

[Event "Early-Titled-Tuesday-Blitz-July-09-2024"]
[Site "Chess.com"]
[Date "2024.07.09"]
[Round "1"]
[White "Truequitos"]
[Black "MagnusCarlsen"]
[Result "0-1"]
[WhiteElo "2537"]
[BlackElo "3176"]
[TimeControl "180+1"]
[EndTime "8:06:45 PDT"]
[Termination "MagnusCarlsen won by resignation"]

1. d4 d5 2. Bf4 c5 3. e3 cxd4 4.
exd4 Nc6 5. c3 f6 6. Nf3 g5 7. Bg3 Bf5 8. Bd3 e6 9. O-O Nge7 10. Re1 Qd7 11. Na3 Kf7 12. Nc2 h5 13. h4 g4 14.
Nh2 Bxd3 15. Qxd3 Nf5 16. Nf1 Bh6 17. Nce3 Nce7 18. Re2 Nxe3 19. fxe3 f5 20. Bf4 Ng6 21. g3 Bg7 22. Nd2 Rhf8 23. Rf1 Kg8 24. Ref2 a5 25. Kg2 Qc6 26. Kh2 a4 27. a3 Rfc8 28. Rc1 Qa6 29. Qb1 Nf8 30. Qa2 Nd7 31. c4 Nf6 32. c5 Qb5 33. Rc3 b6 34. cxb6 Qxb6 35.
Be5 Nd7 36. Bxg7 Kxg7 37. Rf1 Rab8 38. Rxc8 Rxc8 39. Qb1 Nf6 40. Rf2 Qc6 41. Qd1 Qc2 42. Rf1 Qxd1 43. Rxd1 Rc2 44. Kg1 Rxb2 45. Kf1 Ra2 46.
Nb1 Ne4 0-1

[Event "Early-Titled-Tuesday-Blitz-July-09-2024"]
[Site "Chess.com"]
[Date "2024.07.09"]
[Round "1"]
[White "Goryachkina"]
[Black "patzer-reloaded"]
[Result "1-0"]
[WhiteElo "2676"]
[BlackElo "2363"]
[TimeControl "180+1"]
[EndTime "8:06:45 PDT"]
[Termination "Goryachkina won on time"]

1. e4 d6 2. d4 Nf6 3. Nc3 g6 4. Be3 c6 5. Nf3 Bg4 6. h3 Bxf3 7. Qxf3 Bg7 8. g4 Nbd7 9. g5 Nh5 10. Be2 Qb6 11. O-O-O O-O 12. Qg4 Rad8 13. Qh4 Qa5 14. Bxh5 gxh5 15. Qxh5 b5 16. Kb1 b4 17. Ne2 c5 18. Ng3 e6 19. f4 Nb6 20. f5 Nc4 21. f6 Nxe3 22. fxg7 Rfe8 23. Qh6 cxd4 24. Nh5 f5 25. Nf6+ Kf7 26. Nxe8 Rxe8 27. Rxd4 Qe5 28. g6+ hxg6 29. Qxe3 d5 30. Rxb4 Kxg7 31. Qxa7+ Kh6 32. exd5 exd5 33. Rd1 d4 34. Qxd4 f4 35. Qxe5 Rxe5 36. Rxf4 Re1 37. Rxe1 1-0

[Event "Early-Titled-Tuesday-Blitz-July-09-2024"]
[Site "Chess.com"]
[Date "2024.07.09"]
[Round "1"]
[White "ccccvhhhj"]
[Black "Kirill_Klukin"]
[Result "1-0"]
[WhiteElo "2523"]
[BlackElo "2916"]
[TimeControl "180+1"]
[EndTime "8:06:46 PDT"]
[Termination "ccccvhhhj won by resignation"]

1. e4 c5 2. Nf3 g6 3. d4 cxd4 4. Nxd4 Bg7 5. Nc3 Nc6 6. Be3 Nf6 7. Nxc6 bxc6 8. e5 Ng8 9. Bd4 Qa5 10. f4 Nh6 11. e6 Bxd4 12. Qxd4 O-O 13. exd7 Bb7 14.
O-O-O Nf5 15. Qe5 Qxe5 16. fxe5 Rfd8 17. e6 fxe6 18. Bc4 Nd6 19. Bxe6+ Kg7 20. Na4 Ne4 21. Rhe1 c5 22. Bd5 Bxd5 23. Rxd5 e6 24. Rdd1 Nf6 25.
Nxc5 Kf7 26. Nxe6 Rxd7 27. Ng5+ Kf8 28. Rxd7 Nxd7 29. Nxh7+ Kg8 30. Ng5 Nf6 31. h3 Nd5 32. b3 a5 33. Kb2 a4 34. a3 axb3 35. cxb3 Rf8 36. Re2 Rf1 37. Nf3 Nf4 38. Rd2 Kg7 39. a4 Ne6 40. b4 Kf6 41. a5 Nc7 42. Rc2 Na6 43. Rc6+ 1-0

[Event "Early-Titled-Tuesday-Blitz-July-09-2024"]
[Site "Chess.com"]
[Date "2024.07.09"]
[Round "1"]
[White "MiguelBestard1981"]
[Black "ShimogaTactician"]
[Result "0-1"]
[WhiteElo "2054"]
[BlackElo "2552"]
[TimeControl "180+1"]
[EndTime "8:06:46 PDT"]
[Termination "ShimogaTactician won on time"]

1. d4 Nf6 2. Bf4 e6 3. Nd2 c5 4. e3 b6 5. Ne2 Bb7 6. Nc3 a6 7. a4 Be7 8. Nc4 cxd4 9. exd4 d5 10. Ne5 Nc6 11. Nxc6 Bxc6 12. Bd3 O-O 13. O-O Qd7 14.
Re1 b5 15. a5 b4 16. Nb1 Bb5 17. Nd2 Rfc8 18. Nf3 Bxd3 19. Qxd3 Ne4 20. Ne5 Qe8 21.
Re3 f6 22. Nf3 Rc6 23. Rae1 Rac8 24. Rxe4 dxe4 25. Qxe4 Qg6 26. d5 Qxe4 27. Rxe4 Rxc2 28. Rxe6 Bf8 29. h4 Rxb2 30. Rxa6 b3 31. Rb6 Rd8 0-1

[Event "Early-Titled-Tuesday-Blitz-July-09-2024"]
[Site "Chess.com"]
[Date "2024.07.09"]
[Round "1"]
[White "AndresDelgado77"]
[Black "Willhaven3"]
[Result "0-1"]
[WhiteElo "2336"]
[BlackElo "2656"]
[TimeControl "180+1"]
[EndTime "8:06:47 PDT"]
[Termination "Willhaven3 won on time"]

1. e4 c5 2. Nf3 Nc6 3. b4 e5 4. b5 Nd4 5. Nxd4 cxd4 6. c3 Bc5 7.
cxd4 Bxd4 8. Nc3 Nf6 9. Bc4 O-O 10. Qe2 d5 11. exd5 Bg4 12. Qd3 Rc8 13. O-O Qc7 14.
Bb3 Rfd8 15. Bb2 Qd7 16. Qb1 Bf5 17. Qd1 Bd3 18. Re1 Ng4 19. Re3 Nxe3 20. dxe3 Bxc3 21. Bxc3 Rxc3 22. Qd2 Rdc8 23. d6 Qxd6 24. Rd1 e4 25. f4 g6 26. Qf2 Rc1 27. Qd2 Qc5 28. h3 Rxd1+ 29. Qxd1 Qc1 30. Qxc1 Rxc1+ 31. Kh2 Kg7 0-1

[Event "Early-Titled-Tuesday-Blitz-July-09-2024"]
[Site "Chess.com"]
[Date "2024.07.09"]
[Round "1"]
[White "Chernov_Alexander_A"]
[Black "Stanbad1"]
[Result "0-1"]
[WhiteElo "2266"]
[BlackElo "2607"]
[TimeControl "180+1"]
[EndTime "8:06:47 PDT"]
[Termination "Stanbad1 won on time"]

1. d4 Nf6 2. Nc3 d5 3. Bg5 e6 4. e4 Bb4 5. e5 h6 6. Bd2 Bxc3 7.
Bxc3 Ne4 8. Ba5 b6 9. Bd2 c5 10. c3 Nc6 11. Be3 cxd4 12. cxd4 Bd7 13. f3 Ng5 14. Qd2 f6 15. exf6 Qxf6 16. Bd3 O-O 17.
Ne2 Nf7 18. O-O Nd6 19. Rae1 Nf5 20. Bf2 Rac8 21. Bxf5 Qxf5 22. Nc3 Kh7 23. Re2 e5 24. dxe5 Be6 25. Rfe1 d4 26. Ne4 Qxe5 27. Bg3 Qd5 28. Nd6 Bf5 29. Nxc8 Rxc8 30. Rd1 d3 31. Re3 Qxa2 32.
Rxd3 Bxd3 33. Qxd3+ Kh8 34. Qf5 Re8 35. Qg6 Qe6 36.
Qxe6 Rxe6 37. Rd7 Re2 38. h4 Rxb2 39. Rc7 Rc2 40. Be5 Kg8 41. Bxg7 a5 42. Bxh6 Nd4 0-1

[Event "Early-Titled-Tuesday-Blitz-July-09-2024"]
[Site "Chess.com"]
[Date "2024.07.09"]
[Round "1"]
[White "Szachulec75"]
[Black "Ginger_GM"]
[Result "0-1"]
[WhiteElo "2256"]
[BlackElo "2602"]
[TimeControl "180+1"]
[EndTime "8:06:47 PDT"]
[Termination "Ginger_GM won on time"]

1. Nf3 f5 2. g3 Nf6 3. Bg2 d6 4.
d3 e5 5. O-O Be7 6. c4 O-O 7. Nc3 Qe8 8. b4 Qh5 9. e3 f4 10. exf4 Bg4 11. Ne4 Nc6 12. Be3 exf4 13.
Bxf4 Nd4 14. Ned2 Ne6 15. h3 Bxh3 16. Nh2 Qxd1 17. Raxd1 Nxf4 18. gxf4 Bxg2 19. Kxg2 Nh5 20. Ne4 Nxf4+ 21. Kg1 c6 22. Rfe1 Rae8 23. Ng3 d5 24. c5 Bf6 25. Nf3 Bc3 26. Rxe8 Rxe8 27. a3 g6 28. Kf1 h5 29. Ng5 Kg7 0-1

[Event "Early-Titled-Tuesday-Blitz-July-09-2024"]
[Site "Chess.com"]
[Date "2024.07.09"]
[Round "1"]
[White "IamSchrodingersCat"]
[Black "Adrian-thorsen"]
[Result "1-0"]
[WhiteElo "2644"]
[BlackElo "2325"]
[TimeControl "180+1"]
[EndTime "8:06:48 PDT"]
[Termination "IamSchrodingersCat won by checkmate"]

1. e4 e5 2. Nf3 Nc6 3. Bb5 a6 4. Ba4 d6 5. c3 f5 6. exf5 Bxf5 7. O-O Bd3 8. Re1 Nf6 9. Na3 Be7 10. Bc2 Bxc2 11. Nxc2 O-O 12. d4 e4 13. Nd2 d5 14.
f3 exf3 15. Nxf3 Ne4 16. Ne3 Qd6 17. Qb3 Rad8 18. Qxd5+ Qxd5 19. Nxd5 Rxd5 20. Rxe4 Bf6 21. Bf4 Rd7 22. Rae1 Ne7 23. Bg5 Nd5 24. Bxf6 Nxf6 25.
Re7 Rf7 26. R7e2 Rd5 27. Re5 Rd6 28. Ng5 Rf8 29. Re7 h6 30. Ne6 Rf7 31. Nxc7 Rc6 32.
Na8 Kf8 33. R7e6 Nd5 34. Re8# 1-0

[Event "Early-Titled-Tuesday-Blitz-July-09-2024"]
[Site "Chess.com"]
[Date "2024.07.09"]
[Round "1"]
[White "DontMessWithTheFish"]
[Black "Fore_Man"]
[Result "1-0"]
[WhiteElo "2590"]
[BlackElo "2224"]
[TimeControl "180+1"]
[EndTime "8:06:48 PDT"]
[Termination "DontMessWithTheFish won by resignation"]

1. e4 c5 2. Nc3 g6 3. Nf3 Bg7 4.
g3 Nc6 5. Bg2 e6 6. O-O Nge7 7.
Re1 O-O 8. d3 d5 9. exd5 Nxd5 10.
Ne4 b6 11. c3 Bb7 12. Bg5 Qd7 13. Qe2 Rae8 14. Rad1 f5 15. Ned2 e5 16. Nc4 b5 17.
Na3 a6 18. Bc1 Nc7 19. Nc2 Kh8 20. h4 Qe6 21. a3 Qb3 22. Ne3 e4 23. dxe4 fxe4 24.
Nd2 Qa4 25. b3 Qa5 26. Nxe4 Ne5 27. b4 cxb4 28. cxb4 Qb6 29. Bb2 Qe6 30. Nc5 Qb3 31.
Nxb3 1-0

[Event "Early-Titled-Tuesday-Blitz-July-09-2024"]
[Site "Chess.com"]
[Date "2024.07.09"]
[Round "1"]
[White "GMAneta"]
[Black "Me_ch_an"]
[Result "1-0"]
[WhiteElo "2639"]
[BlackElo "2317"]
[TimeControl "180+1"]
[EndTime "8:06:49 PDT"]
[Termination "GMAneta won by resignation"]

1. d4 d5 2. Nf3 Nf6 3. c4 dxc4 4. e3 e6 5. Bxc4 a6 6. Bd3 c5 7.
O-O b5 8. a3 Bb7 9. Nc3 Nc6 10.
dxc5 Bxc5 11. b4 Be7 12. Bb2 O-O 13. Ne4 Nxe4 14. Bxe4 Qxd1 15. Rfxd1 Rfd8 16. Rac1 Rxd1+ 17. Rxd1 Rd8 18. Rc1 Rc8 19. Ne5 Nxe5 20. Bxb7 Rxc1+ 21.
Bxc1 Nd3 22. Bd2 a5 23. bxa5 Bxa3 24. Bc6 Bc5 25. Bxb5 Ne5 26. a6 Bb6 27. Ba5 Ba7 28. Bc7 Ng6 29. Kf1 Kf8 30. Bd6+ Kg8 31. Ke2 f6 32.
Kd3 Kf7 33. Kc4 Ne5+ 34. Kb4 Ng4 35. Bc5 Bb8 36. f3 Nxh2 37. Ka4 h5 38. Bd6 Ba7 39. Bxh2 Bxe3 40. Bb8 g5 41. a7 Bxa7 42. Bxa7 Kg6 43.
Bd3+ f5 44. Bd4 h4 45. Kb4 Kh5 46. Kc5 h3 47. gxh3 Kh4 48. Kd6 Kxh3 49. Kxe6 g4 50.
f4 g3 51. Kxf5 g2 52. Be4 Kh4 53. Bxg2 1-0

[Event "Early-Titled-Tuesday-Blitz-July-09-2024"]
[Site "Chess.com"]
[Date "2024.07.09"]
[Round "1"]
[White "Chessbard1972"]
[Black "Flaccidmoves"]
[Result "0-1"]
[WhiteElo "2184"]
[BlackElo "2577"]
[TimeControl "180+1"]
[EndTime "8:06:49 PDT"]
[Termination "Flaccidmoves won by checkmate"]

1. e4 g6 2. d4 Bg7 3. c4 d6 4. Nc3 Nc6 5. Be3 e5 6. Nge2 Nf6 7. f3 exd4 8. Nxd4 O-O 9. Nxc6 bxc6 10. Qd2 Rb8 11. Be2 a5 12. b3 Re8 13. O-O d5 14. cxd5 cxd5 15. exd5 Bb7 16. Bc4 Qd7 17. Bg5 h6 18.
Bxh6 Rbd8 19. Bxg7 Kxg7 20. Rad1 Qd6 21. Qd4 Rh8 22. g3 Rh3 23. Rf2 Rdh8 24. Rg2 Kg8 25. Re1 Bc8 26. Ne4 Nxe4 27. Rxe4 Bd7 28. f4 f5 29. Re5 R8h7 30. Rge2 Rf7 31. a4 Rhh7 32.
R5e3 Rhg7 33. Kg2 g5 34. fxg5 f4 35. Re5 f3+ 36. Kg1 fxe2 37. Bxe2 Rf8 38. h4 Re7 39. Rxe7 Qxe7 40. Bf3 Rxf3 41. Kg2 Qe2+ 42. Kg1 Rf1# 0-1

[Event "Early-Titled-Tuesday-Blitz-July-09-2024"]
[Site "Chess.com"]
[Date "2024.07.09"]
[Round "1"]
[White "CristhianPortalR"]
[Black "vi_pranav"]
[Result "0-1"]
[WhiteElo "2526"]
[BlackElo "3017"]
[TimeControl "180+1"]
[EndTime "8:06:50 PDT"]
[Termination "vi_pranav won by resignation"]

1. c4 e5 2. Nc3 Bb4 3. g3 Nf6 4. e4 O-O 5. Bg2 Bxc3 6. dxc3 d6 7. f3 a5 8. a4 Be6 9. b3 Na6 10. Nh3 c6 11. Bg5 d5 12. Bxf6 gxf6 13. cxd5 cxd5 14. exd5 Qxd5 15. Qxd5 Bxd5 16. c4 Be6 17. Nf2 Nc5 18. Rb1 Bf5 19. Rb2 Rad8 20. O-O Rd4 21. Rc1 Rfd8 22. Bf1 Rd2 23. Rxd2 Rxd2 24. Rc3 Bc2 25. Ng4 Kg7 26. Ne3 Bxb3 27. Nf5+ Kf8 28. f4 Bc2 29.
Ne3 Be4 30. Ng4 exf4 31. gxf4 f5 32. Nf6 Ke7 33. Nxh7 Ne6 34. Ng5 Nxf4 35. Re3 Rd4 36. Nf3 Rd6 37. Ng5 Rg6 38. h4 f6 39. Kf2 fxg5 40. hxg5 Rxg5 41. c5 Kf6 42. Rb3 Ke5 43.
Rb6 Rh5 44. Ke3 Nd5+ 0-1

[Event "Early-Titled-Tuesday-Blitz-July-09-2024"]
[Site "Chess.com"]
[Date "2024.07.09"]
[Round "1"]
[White "AmbartsumianTyhran2012"]
[Black "lindsay790"]
[Result "1-0"]
[WhiteElo "2568"]
[BlackElo "2140"]
[TimeControl "180+1"]
[EndTime "8:06:50 PDT"]
[Termination "AmbartsumianTyhran2012 won on time"]

1. e4 c5 2. Nf3 d6 3. c3 Nf6 4. Bd3 e5 5. h3 Nc6 6. Bc2 d5 7. d3 h6 8. Qe2 Bd6 9. a4 O-O 10. Na3 Bc7 11. O-O a6 12. exd5 Qxd5 13. Nc4 Rb8 14. a5 Re8 15. Rd1 Bf5 16. Ne3 Qd7 17. Nxf5 Qxf5 18. Nd2 Nxa5 19. Ne4 Nxe4 20. dxe4 Qg6 21. Be3 b6 22. Qxa6 Nc6 23. Qb5 Re6 24. Rd7 Rc8 25. Qa6 Rce8 26. Rxc7 Nb8 27. Qb7 Qh5 28.
Rc8 1-0

[Event "Early-Titled-Tuesday-Blitz-July-09-2024"]
[Site "Chess.com"]
[Date "2024.07.09"]
[Round "1"]
[White "BobbyFischer1508"]
[Black "Byniolus"]
[Result "0-1"]
[WhiteElo "2444"]
[BlackElo "2799"]
[TimeControl "180+1"]
[EndTime "8:06:52 PDT"]
[Termination "Byniolus won by resignation"]

1. b3 d5 2. Bb2 Nf6 3. Nf3 Bf5 4.
g3 e6 5. Bg2 h6 6. O-O Be7 7.
d3 O-O 8. Nbd2 Bh7 9. c4 a5 10. a3 c6 11. Bc3 Nbd7 12. b4 axb4 13. axb4 Qb6 14. Qb3 Rfd8 15. Ra3 c5 16. Rxa8 Rxa8 17. Rb1 Qc7 18. bxc5 Nxc5 19. Qc2 dxc4 20. Nxc4 Nxd3 21. exd3 Qxc4 22. dxc4 Bxc2 23. Rxb7 Bc5 24. Ne5 Ra3 25. Bb2 Ra2 26. Nxf7 Ne4 27. Bxe4 Bxe4 28. Nd8 Bxb7 29. Nxb7 Bxf2+ 30. Kxf2 Rxb2+ 0-1

[Event "Early-Titled-Tuesday-Blitz-July-09-2024"]
[Site "Chess.com"]
[Date "2024.07.09"]
[Round "1"]
[White "Zheenbekov86"]
[Black "FREDERICKtheMATE"]
[Result "0-1"]
[WhiteElo "2413"]
[BlackElo "2740"]
[TimeControl "180+1"]
[EndTime "8:06:52 PDT"]
[Termination "FREDERICKtheMATE won on time"]

1. e4 c5 2. Nf3 Nc6 3. Bb5 g6 4. O-O Bg7 5. Re1 e5 6. Nc3 Nge7 7. Bc4 O-O 8. d3 d6 9. h3 h6 10. a3 a6 11. Nd5 b5 12. Ba2 Kh7 13. c3 Be6 14. b4 a5 15. bxc5 dxc5 16. Nxe7 Qxe7 17. Bd5 Qd6 18. Bxe6 Qxe6 19. Be3 Qd6 20. Qb1 Rab8 21. Rd1 Rfd8 22. h4 Bf8 23. h5 Qe6 24. d4 cxd4 25.
cxd4 exd4 26. Nxd4 Nxd4 27. Bxd4 b4 28. axb4 Rxb4 29. Bb2 Rdb8 30. Qa2 Qxa2 31. Rxa2 Rxb2 32. hxg6+ Kxg6 33. Rxa5 Rb1 34. Rxb1 Rxb1+ 35. Kh2 Re1 36. Ra6+ f6 37. f3 Bc5 38. Kg3 Re2 39. Kh3 Bd4 40.
Rd6 Be5 41. Rd5 Rf2 42. Rb5 h5 43. Rc5 Rf1 44. g3 Rxf3 0-1

[Event "Early-Titled-Tuesday-Blitz-July-09-2024"]
[Site "Chess.com"]
[Date "2024.07.09"]
[Round "1"]
[White "urano56"]
[Black "LikeWater"]
[Result "0-1"]
[WhiteElo "2388"]
[BlackElo "2700"]
[TimeControl "180+1"]
[EndTime "8:06:52 PDT"]
[Termination "LikeWater won by checkmate"]

1. e4 c5 2. Nf3 a6 3. c4 Nc6 4.
d4 cxd4 5. Nxd4 Nf6 6. Nc3 e5 7. Nf5 d5 8. cxd5 Bxf5 9. exf5 Nd4 10. Bg5 Be7 11. Bxf6 Bxf6 12. Bd3 b5 13. a3 O-O 14. O-O Rc8 15. Qg4 Qb6 16. Ne4 Rfd8 17. Nc3 a5 18.
Rac1 Kf8 19. b4 axb4 20. axb4 Ra8 21. Ne4 Ra3 22. Rc6 Qb7 23. Rxf6 gxf6 24. Bb1 Ke7 25.
Qh4 Qb6 26. Qxh7 Ne2+ 27. Kh1 Ra1 28. d6+ Rxd6 29. Nxd6 Qxd6 30. Qh5 Qd3 31. Qf3 Ng3+ 32. hxg3 Qxf1+ 33. Kh2 Rxb1 34. Qb7+ Kf8 35. Qb8+ Kg7 36. Qb6 Qh1# 0-1

[Event "Early-Titled-Tuesday-Blitz-July-09-2024"]
[Site "Chess.com"]
[Date "2024.07.09"]
[Round "1"]
[White "Fandorine"]
[Black "GiorgianBarbosa"]
[Result "1-0"]
[WhiteElo "2936"]
[BlackElo "2507"]
[TimeControl "180+1"]
[EndTime "8:06:56 PDT"]
[Termination "Fandorine won on time"]

1. c4 Nf6 2. g3 e6 3. Bg2 d5 4.
Nf3 Be7 5. O-O O-O 6. b3 c6 7. Bb2 a5 8. d4 b6 9. Nc3 Ba6 10. Qd3 Nbd7 11. e4 c5 12. exd5 exd5 13. Rfe1 Re8 14. a4 cxd4 15. Nxd4 Nc5 16. Qf5 Bc8 17. Qf4 Bb7 18. Rad1 Bd6 19. Rxe8+ Nxe8 20. Qf5 dxc4 21.
Bxb7 Nxb7 22. Ne4 Be7 23. bxc4 Ned6 24. Qg4 Bf6 25. Ne6 fxe6 26. Nxf6+ Kh8 27. Nh5 Nf5 28.
Bxg7+ Kg8 29. Rxd8+ Rxd8 30. Bf6+ Kf7 31. Bxd8 Nxd8 32.
Qf3 Kg6 33. Nf4+ Kf6 34. Qc3+ Nd4 35. Qxd4+ 1-0

[Event "Early-Titled-Tuesday-Blitz-July-09-2024"]
[Site "Chess.com"]
[Date "2024.07.09"]
[Round "1"]
[White "simonachess"]
[Black "Dixit_Nikhil"]
[Result "0-1"]
[WhiteElo "2344"]
[BlackElo "2661"]
[TimeControl "180+1"]
[EndTime "8:06:56 PDT"]
[Termination "Dixit_Nikhil won on time"]

1. d4 Nf6 2. c4 g6 3. Nc3 Bg7 4. e4 d6 5. Be2 O-O 6. Bg5 a6 7. Qd2 c6 8. f3 b5 9. Bh6 bxc4 10. Bxc4 d5 11. Bxg7 Kxg7 12. e5 dxc4 13. exf6+ exf6 14. Nge2 c5 15. d5 Bf5 16. O-O Bd3 17. Rfe1 Nd7 18.
Nc1 Qb6 19. Kh1 Rae8 20. Nxd3 cxd3 21. Qxd3 Rxe1+ 22. Rxe1 Qxb2 23. Ne4 Qd4 24. Qxa6 Re8 25. Qd6 Nf8 26. Rg1 f5 27. Nxc5 Re5 28. Nd7 Nxd7 29. Qxd7 Rxd5 30. Qb7 Rd7 31. Qb3 h5 32. h3 Ra7 33.
Rc1 Qd2 34. Qc3+ Qxc3 35. Rxc3 Rxa2 36. h4 Ra8 37. Kh2 Ra4 38. Kh3 f4 39. Rd3 Rc4 40. Rb3 Rc5 41. Rd3 Ra5 42. Rd4 Rf5 43. Re4 f6 44.
Rd4 g5 45. Re4 Kg6 46. Re8 Re5 47. Rg8+ Kf5 0-1